 Dungeon Crawl Stone Soup version 0.23-a0-405-g368ce00 (webtiles) character file.

94 MisterFreud the Ruffian (level 4, -4/66 HPs)
             Began as a Troll Monk on Nov 6, 2018.
             Slain by Sigmund
             ... wielding a +3 scythe of protection
              (9 damage)
             ... on level 2 of the Dungeon.
             The game lasted 00:04:31 (1720 turns).

MisterFreud the Ruffian (Troll Monk)                Turns: 1720, Time: 00:04:32

Health: -4/66      AC:  6    Str: 25    XL:     4   Next: 38%
Magic:  3/3        EV: 10    Int:  8    God:
Gold:   159        SH:  0    Dex: 12    Spells: 3/3 levels left

rFire    + . .     SeeInvis .     - Unarmed
rCold    + + .     Gourm    +   (no shield)
rNeg     . . .     Faith    .   a - +0 robe
rPois    +         Spirit   .   (helmet restricted)
rElec    +         Reflect  .   i - +0 cloak
rCorr    +         Harm     .   (gloves unavailable)
MR       .....                  (boots unavailable)
Stlth    ..........             n - amulet of regeneration
HPRegen  1.01/turn              m - ring of protection from cold
MPRegen  0.08/turn              q - +2 ring of intelligence

@: berserking, resistant, flying, very quick
A: large, unfitting armour, claws 3, fast metabolism 3, gourmand, regeneration
1, shaggy fur 1, tough skin 2
a: no special abilities


You were on level 2 of the Dungeon.
You were not hungry.

You visited 1 branch of the dungeon, and saw 3 of its levels.

You collected 159 gold pieces.

Inventory:

Missiles
 g - 156 stones (quivered)
 o - 10 poisoned needles
Armour
 a - a +0 robe (worn)
 i - a +0 cloak (worn)
Jewellery
 m - a ring of protection from cold (left claw)
 n - an amulet of regeneration (around neck)
 q - a +2 ring of intelligence (right claw)
Wands
 p - a wand of random effects (12)
Scrolls
 e - 3 scrolls of identify {unknown}
 h - a scroll of magic mapping {unknown}
 k - a scroll of remove curse {unknown}
 s - a scroll of fear {unknown}
Potions
 j - a potion of cancellation {unknown}
 l - a potion of ambrosia {unknown}
 r - a potion of invisibility {unknown}
 t - a potion of flight
Comestibles
 b - 6 rations


   Skills:
 - Level 2.4 Fighting
 - Level 2.4 Dodging
 - Level 1.0 Stealth
 + Level 5.2 Unarmed Combat


You had 3 spell levels left.
You didn't know any spells.
Your spell library was empty.

Dungeon Overview and Level Annotations

Branches:
Dungeon (3/15)

Altars:
Trog
The Shining One

Annotations:
D:2 Sigmund
D:3 2 transporters, azzavlup's ghost, amateur DsAK


Innate Abilities, Weirdness & Mutations

You are too large for most types of armour.
You have claws for hands.
Your metabolism is lightning-fast.
You like to eat raw meat.
Your natural rate of healing is unusually fast.
You are covered in fur. (AC +1)
You have very tough skin. (AC +2)


Message History

Sigmund hits you with a +3 scythe of protection!
* * * LOW HITPOINT WARNING * * *
You scratch Sigmund.
Sigmund is severely wounded.
You feel less confused.
You barely miss Sigmund.
Sigmund is severely wounded.
Sigmund hits you with a +3 scythe of protection!
* * * LOW HITPOINT WARNING * * *
It was a potion of flight.
You feel very buoyant.
You fly up into the air.
It was a potion of resistance.
You feel protected. Sigmund hits you but does no damage.
It was a potion of berserk rage.
A red film seems to cover your vision as you go berserk!
You feel yourself moving faster!
You feel mighty!
Sigmund hits you with a +3 scythe of protection!
You die...

#.# #.#
#@#########.######
#.##.............#
#####
#.##.######.####.#
#)... #.##.# #.#
#.# #.### #.##.#
#.# #.# #.#
#.##.## #.# #.#
#.# #.#...#####.#
#.#######.###
#...#.....@@#
#............
###...#######
####......###
##.############
#.######
#............# #.#
############.# #.#
#.# #.# #.# #.#
#.# #.####
#.###....#


You could see Sigmund.

Vanquished Creatures
  An adder (D:2)
  A gnoll (D:1)
  2 worms (D:3)
  A dart slug (D:1)
  A leopard gecko (D:3)
  6 orcs (D:3)
  2 giant cockroaches (D:3)
  8 goblins
  6 hobgoblins
  8 jackals
  A quokka (D:3)
  2 ball pythons (D:3)
  4 bats
  9 kobolds
  3 rats
55 creatures vanquished.

Notes
Turn   | Place    | Note
-------+----------+-------------------------------------------
     0 | D:1      | MisterFreud the Troll Monk began the quest for the Orb.
     0 | D:1      | Reached XP level 1. HP: 22/22 MP: 0/0
    89 | D:1      | Reached XP level 2. HP: 25/29 MP: 1/1
   372 | D:1      | Reached skill level 4 in Unarmed Combat
   372 | D:1      | Reached XP level 3. HP: 26/36 MP: 2/2
   435 | D:2      | Noticed Sigmund
  1187 | D:3      | Found a bloodstained altar of Trog.
  1195 | D:3      | Reached XP level 4. HP: 44/44 MP: 3/3
  1197 | D:3      | Reached skill level 5 in Unarmed Combat
  1291 | D:3      | Found a transporter.
  1291 | D:3      | Noticed azzavlup's ghost (amateur DsAK)
  1373 | D:3      | Found a glowing golden altar of the Shining One.
  1432 | D:3      | Found a transporter.
  1717 | D:2      | HP: 1/44 [Sigmund/+3 scythe of protection (9)]
  1720 | D:2      | Slain by Sigmund

Vault maps used:
D:1:      lightli_arrival_statuegarden, serial_bayou_crossing
D:2:      wad_lake_hut, uniq_jessica, uniq_sigmund
D:3:      nicolae_tso_swordbearing_angel, gammafunk_ghost_arena,
          trog_three_pillars_becter

Skill      XL: |  1  2  3  4 |
---------------+-------------+-----
Unarmed Combat | 4 5 |  5.2
Fighting       | |  2.4
Dodging        | |  2.4
Stealth        | |  1.0

Action                   |  1- 3 |  4- 6 || total
-------------------------+-------+-------++-------
Melee: Unarmed           |   113 |    49 ||   162
       Punch             |       |     2 ||     2
Throw: Tomahawk          |     4 |     4 ||     8
       Stone             |       |     2 ||     2
  Use: Potion            |     2 |     3 ||     5
 Stab: Sleeping          |     1 |     1 ||     2
  Eat: Chunk             |     9 |     4 ||    13
Armor: Robe              |    36 |     7 ||    43
Dodge: Dodged            |    48 |    27 ||    75

Table legend:
 A = Non-vault XP
 B = Vault XP
 C = Vault XP percentage of total XP
 D = Non-vault monster count
 E = Vault monster count
 F = Vault count percentage of total count
                 A         B        C        D         E       F
            +---------+---------+-------+---------+---------+-------
      Total |     135 |       0 |   0.0 |      55 |       0 |   0.0
            +---------+---------+-------+---------+---------+-------
        D:1 |      43 |       0 |   0.0 |      19 |       0 |   0.0
        D:2 |      23 |       0 |   0.0 |       6 |       0 |   0.0
        D:3 |      69 |       0 |   0.0 |      30 |       0 |   0.0
            +---------+---------+-------+---------+---------+-------
